 Dungeon Crawl Stone Soup version 0.30-a0-586-g23e55c9e0a (webtiles) character file.

Game seed: 2099287885910032024

102224 Querens the Unseen (level 15, -24/63 HPs)
             Began as a Spriggan Enchanter on Jan 2, 2023.
             Was the Champion of Wu Jian.
             Killed from afar by a salamander tyrant (46 damage)
             ... with a flame surge
             ... on level 4 of the Snake Pit on Jan 3, 2023.
             The game lasted 01:36:27 (15007 turns).

Querens the Unseen (Spriggan Enchanter)            Turns: 15007, Time: 01:36:28

Health: -24/63     AC: 10    Str:  4    XL:     15   Next: 85%
Magic:  41/41      EV: 30    Int: 18    God:    Wu Jian [******]
Gold:   575        SH:  5    Dex: 22    Spells: 30/38 levels left

rFire   . . .      SeeInvis +    R - +6 arbalest "Damnation" {damnation}
rCold   + . .      Faith    .    (shield currently unavailable)
rNeg    . . .      Spirit   .    Q - +4 troll leather armour
rPois   +          Reflect  +    (helmet restricted)
rElec   .          Harm     .    V - +1 cloak {rPois}
rCorr   .          Rampage  .    (gloves unavailable)
Will    ++...                    (boots unavailable)
Stlth   +++++++                  W - amulet of reflection
HPRegen 1.10/turn                t - ring of magical power
MPRegen 0.27/turn                u - ring of protection from cold

@: weakened, very quick
A: very small, no large weapons, unfitting armour, see invisible, speed 3
a: Renounce Religion, Wall Jump, Serpent's Lash, Heavenly Storm


You were on level 4 of the Snake Pit.
You worshipped Wu Jian.
Wu Jian was exalted by your worship.
You visited 5 branches of the dungeon, and saw 23 of its levels.

You collected 2378 gold pieces.
You spent 1803 gold pieces at shops.

Inventory:

Hand Weapons
 r - a +5 heavy dagger
 F - a +6 vampiric dagger
 R - the +6 arbalest "Damnation" (weapon) {damnation}
   (You bought it in a shop on level 7 of the Dungeon)

   Any ammunition fired from it explodes in a burst of damnation on striking a
   foe, dealing damage which bypasses armour.
 T - a +5 short sword of holy wrath
Armour
 p - a +0 buckler
 w - a +1 robe of positive energy
 C - a +2 robe of willpower
 L - the +1 robe of Wu Jian's Benevolence {Fly rCorr Str+2}
   (You found it on level 9 of the Dungeon)

   Str:       It affects your strength (+2).
   Fly:       It grants you flight.
   rCorr:     It protects you from acid and corrosion.
 Q - a +4 troll leather armour (worn)
 V - a +1 cloak of poison resistance (worn)
Jewellery
 m - a ring of protection from cold
 t - a ring of magical power (left hand)
 u - a ring of protection from cold (right hand)
 H - a ring of ice
 K - a ring of willpower
 N - an amulet of faith
 O - a ring of positive energy
 S - a +5 ring of evasion
 W - an amulet of reflection (around neck)
 Y - a +4 ring of protection
Wands
 k - a wand of flame (28)
 n - a wand of acid (2)
 D - a wand of charming (26)
 G - a wand of digging (6)
 I - a wand of mindburst (31)
 U - a wand of polymorph (11)
Scrolls
 b - a scroll of silence
 h - 4 scrolls of blinking
 q - 6 scrolls of teleportation
 v - 2 scrolls of enchant armour
 y - 5 scrolls of immolation
 A - a scroll of fear
 J - 3 scrolls of fog
 M - 3 scrolls of poison
 P - 2 scrolls of magic mapping
 X - 2 scrolls of amnesia
Potions
 a - 8 potions of berserk rage
 c - 2 potions of invisibility
 e - 12 potions of might
 f - 2 potions of flight
 g - a potion of brilliance
 i - a potion of ambrosia
 j - 4 potions of attraction
 l - 4 potions of mutation
 o - 13 potions of curing
 s - 4 potions of haste
 x - 4 potions of heal wounds
 z - 10 potions of lignification
 B - a potion of cancellation {unknown}
 E - a potion of magic {unknown}
Miscellaneous
 d - a tin of tremorstones (2/2)
 Z - a phantom mirror


   Skills:
 - Level 13.7 Short Blades
 + Level 15.5 Ranged Weapons
 - Level 16.5 Dodging
 - Level 19.4 Stealth
 - Level 3.0 Shields
 - Level 12.3 Spellcasting
 - Level 12.6 Hexes


You had 30 spell levels left.
You knew the following spells:

 Your Spells              Type           Power      Damage    Failure   Level
a - Ensorcelled Hibernat  Hex/Ice        66%        N/A       1%          2
b - Confusing Touch       Hex            54%        N/A       1%          3
c - Tukima's Dance        Hex            54%        N/A       1%          3

Your spell library contained the following spells:

 Spells                   Type           Power      Damage    Failure   Level
 Dazzling Flash           Conj/Hex       66%        N/A       2%          3
 Summon Guardian Golem    Hex/Summ       33%        N/A       2%          3
 Blink                    Tloc           22%        N/A       17%         2
 Cigotuvi's Dreadful Rot  Necr/Pois/Air  22%        N/A       17%         2
 Momentum Strike          Conj/Tloc      22%        3d8       17%         2
 Ignite Poison            Fire/Tmut/Pois 11%        N/A       32%         3
 Lesser Beckoning         Tloc           22%        N/A       32%         3
 Vhi's Electric Charge    Tloc/Air       22%        N/A       32%         3
 Animate Dead             Necr           11%        N/A       73%         4
 Dispel Undead            Necr           11%        3d9       73%         4
 Sticky Flame             Conj/Fire      11%        2d3       73%         4
 Arcjolt                  Conj/Air       5%         1d15      97%         5
 Borgnjor's Vile Clutch   Necr/Erth      5%         N/A       97%         5
 Fireball                 Conj/Fire      5%         3d5       97%         5
 Iskenderun's Battlesphe  Conj           11%        2d7       97%         5
 Conjure Ball Lightning   Conj/Air       5%         3x3d6     100%        6
 Death Channel            Necr           5%         N/A       100%        6
 Orb of Destruction       Conj           5%         9d5       100%        7
 Spellforged Servitor     Conj/Summ      5%         N/A       100%        7
 Ignition                 Fire           5%         3d4       100%        8
 Maxwell's Capacitive Co  Air            5%         ∞         100%        8


Dungeon Overview and Level Annotations

Branches:
Dungeon (11/15)            Temple (1/1) D:7            Lair (5/5) D:10
 Shoals (0/4) Lair:2        Snake (4/4) Lair:3        Slime (0/5) Lair:4
    Orc (2/2) D:11            Elf (0/3) Orc:2

Altars:
Cheibriados
Elyvilon
Fedhas
Hepliaklqana
Kikubaaqudgha
Makhleb
Nemelex Xobeh
Okawaru
Qazlal
Ru
Sif Muna
Trog
Uskayaw
Vehumet
Wu Jian
Yredelemnul
Jiyva

Shops:
D:4 *   D:6 *   D:7 (   D:11 (   Orc:1 =*(   Orc:2 (=[*   Snake:2 (

Portals:
Trove: D:11 (give 3 potions of resistance)


Innate Abilities, Weirdness & Mutations

You are very small and have problems with some larger weapons.
You are too small for most types of armour.
You have supernaturally acute eyesight. (SInv)
You cover ground extremely quickly. (Speed+++)


Message History

The Council accepts your kill.
The salamander tyrant no longer looks unusually strong.
Fire: R) +6 arbalest "Damnation" {damnation}
Press: ? - help, Q - select action, (/) - cycle Shift-Dir - straight line, f - salamander tyrant
Aim: a salamander tyrant (79% to hit)
You shoot a damnation bolt.
The damnation bolt hits the salamander tyrant!!
The salamander tyrant is heavily wounded.
The damnation bolt explodes!
The damnation engulfs the salamander tyrant!
The salamander tyrant is heavily wounded.
The damnation engulfs the naga warrior!
The naga warrior is severely wounded.
Fire: R) +6 arbalest "Damnation" {damnation}
Press: ? - help, Q - select action, (/) - cycle Shift-Dir - straight line, p - salamander tyrant You shoot a damnation bolt.
The salamander tyrant gazes fiercely through you!
You feel your attacks grow feeble.
Fire: R) +6 arbalest "Damnation" {damnation}
Press: ? - help, Q - select action, (/) - cycle Shift-Dir - straight line, f - salamander
Aim: a salamander, wielding a +0 trident (moderately wounded, strong, 79% to hit)
You shoot a damnation bolt. The damnation bolt hits the salamander.
The salamander is moderately wounded.
The damnation bolt explodes!
The damnation engulfs the salamander!
The salamander is heavily wounded.
The salamander tyrant rends the earth beneath you!
The blast of magma engulfs you!!
As you read the scroll of fear, it crumbles to dust.
You assume a fearsome visage.
The naga warrior looks frightened!
The salamander tyrant easily resists.
The salamander resists with some effort.
The salamander no longer looks unusually strong.
You block the salamander's attack.
Okay, then.
As you read the scroll of fog, it crumbles to dust.
The scroll dissolves into smoke.
The salamander closely misses you.
The salamander tyrant calls gouts of flame from the lava!
The flame surge hits you!!!
Ouch! That really hurt!
You die...

N####........
)#..+#...... ....#
)#...#.....# ....#
.#...#....## #...#
.#...#...## #...#
)##'##..<.######...##
..N...........§.....###+
...............§§§......
#...........N.N§@§§.....
#..............§§§......
........).....§§§.§.....
...##...###............#
..###..## ##.......##..#
.## ##.# #..#...## .# .#
### #.###.## # ## ###
###


You could see a salamander tyrant and a salamander.

Vanquished Creatures
  A nagaraja (Snake:3)
  An orc warlord (Orc:2)
  2 dire elephants (Snake:3)
  The ghost of M4edhros the Martial Artist, a journeyman OpAr of Cheibriados (Lair:5)
  Erolcha (D:11)
  A salamander tyrant (Snake:4)
  A catoblepas (Lair:1)
  An ogre mage (Orc:2)
  The ghost of brujo666 the Fighter, a novice MiFi of Ignis (D:8)
  A hydra (D:8)
  5 anacondas
  5 two-headed ogres
  8 naga warriors
  5 death yaks (Lair:2)
  An orc high priest (Orc:2)
  7 naga sharpshooters
  3 shock serpents
  A deep elf knight (Snake:3)
  A salamander mystic (Snake:3)
  Nergalle (Orc:1)
  2 naga ritualists (Snake:2)
  A deep elf archer (Snake:3)
  3 orc knights (Orc:2)
  A harpy (Lair:2)
  A wolf spider (Lair:5)
  3 mana vipers (Snake:2)
  15 salamanders
  2 orc sorcerers (Orc:2)
  4 cyclopes
  An oklob plant (Lair:2)
  7 guardian serpents
  13 naga magi
  29 black mambas
  14 cane toads
  19 elephants
  A torpor snail (Lair:4)
  A dancing weapon (D:8)
  A kobold demonologist (D:10)
  An unseen horror (D:11)
  5 rime drakes
  5 komodo dragons
  2 polar bears (Lair:5)
  5 hornets
  8 trolls
  5 dream sheep
  17 blink frogs
  11 spriggans (Lair:5)
  32 yaks
  4 wyverns
  A vampire (D:10)
  3 shadows (D:11)
  A steam dragon (D:7)
  3 wargs
  Menkaure (D:4)
  31 nagas
  A hell hound (Snake:3)
  18 orc warriors
  11 water moccasins
  2 ice beasts
  A sky beast (D:7)
  5 boggarts (Lair:5)
  6 black bears
  9 ogres
  A centaur (D:8)
  41 wolves
  2 phantoms
  2 gnoll sergeants
  16 bullfrogs
  3 scorpions
  A necrophage (D:4)
  15 wights
  A troll zombie (D:11)
  13 killer bees
  A howler monkey (D:7)
  2 electric eels (Lair:1)
  2 hounds
  4 jellies
  2 gnoll boudas
  16 orc priests
  Crazy Yiuf (D:4)
  An iguana (D:5)
  15 orc wizards
  5 ogre zombies (D:11)
  11 gnolls
  9 adders
  A shadow imp (D:5)
  2 white imps
  A worm (D:5)
  3 dart slugs
  39 orcs
  3 ball pythons
  6 bats
  6 endoplasms
  4 giant cockroaches
  5 goblins
  7 hobgoblins
  2 jackals (D:5)
  6 kobolds (D:1)
  3 quokkas
  5 frilled lizards
  3 hobgoblin skeletons (D:11)
  5 hobgoblin zombies (D:11)
  9 orc zombies (D:11)
  4 rats
632 creatures vanquished.

Vanquished Creatures (collateral kills)
  2 orc warriors (Orc:2)
  A centaur (D:7)
  A wight (D:8)
  An orc wizard (Orc:2)
  An orc (Orc:2)
6 creatures vanquished.

Vanquished Creatures (others)
  8 dancing weapons
  An orc wizard (Orc:2)
  28 fungi
  20 plants
57 creatures vanquished.

Grand Total: 695 creatures vanquished

Notes
Turn   | Place    | Note
-------+----------+-------------------------------------------
     0 | D:1      | Querens the Spriggan Enchanter began the quest for the Orb.
     0 | D:1      | Reached XP level 1. HP: 9/9 MP: 5/5
    61 | D:1      | Reached XP level 2. HP: 13/13 MP: 6/6
    65 | D:1      | Learned a level 2 spell: Ensorcelled Hibernation
   127 | D:1      | Found a faded altar of an unknown god.
   564 | D:1      | Reached XP level 3. HP: 16/16 MP: 8/8
   758 | D:2      | Noticed an ogre
  1045 | D:2      | Killed an ogre
  1046 | D:2      | Reached skill level 5 in Stealth
  1046 | D:2      | Reached XP level 4. HP: 21/21 MP: 0/10
  1215 | D:3      | Reached XP level 5. HP: 24/24 MP: 11/11
  1288 | D:3      | Found a sparkling altar of Nemelex Xobeh.
  1709 | D:4      | Found Paett's Overcharged Wands.
  1733 | D:4      | Learned a level 3 spell: Confusing Touch
  1757 | D:4      | Reached skill level 6 in Stealth
  1773 | D:4      | Reached skill level 5 in Hexes
  1773 | D:4      | Reached XP level 6. HP: 28/28 MP: 3/13
  1902 | D:4      | Noticed Menkaure
  1917 | D:4      | Killed Menkaure
  1918 | D:4      | Reached skill level 5 in Dodging
  1918 | D:4      | Reached XP level 7. HP: 6/32 MP: 9/15
  2042 | D:4      | Found a runed translucent door.
  2043 | D:4      | Noticed Crazy Yiuf
  2055 | D:4      | Killed Crazy Yiuf
  2225 | D:4      | Reached skill level 7 in Stealth
  2375 | D:4      | Reached skill level 5 in Spellcasting
  2463 | D:5      | Entered Level 5 of the Dungeon
  2494 | D:5      | Found a radiant altar of Vehumet.
  2509 | D:5      | Found a sacrificial altar of Ru.
  2570 | D:5      | Found a stormy altar of Qazlal.
  2571 | D:5      | Noticed a water elemental
  2573 | D:5      | Noticed a fire elemental
  2573 | D:5      | Noticed an air elemental
  2654 | D:5      | Reached XP level 8. HP: 36/36 MP: 14/17
  2677 | D:5      | Reached skill level 8 in Stealth
  2800 | D:5      | Found a burning altar of Makhleb.
  3092 | D:6      | Reached skill level 5 in Short Blades
  3122 | D:6      | Found a shimmering blue altar of Sif Muna.
  3165 | D:6      | Found Uheostrai's General Store.
  3203 | D:6      | Bought a potion of haste for 110 gold pieces
  3203 | D:6      | Bought a scroll of identify for 22 gold pieces
  3203 | D:6      | Bought a scroll of fear for 44 gold pieces
  3295 | D:6      | Reached skill level 9 in Stealth
  3557 | D:7      | Reached XP level 9. HP: 39/39 MP: 20/20
  3823 | D:7      | Learned a level 3 spell: Tukima's Dance
  3825 | D:7      | Found a staircase to the Ecumenical Temple.
  3900 | D:7      | Found Paaryles's Weapon Shop.
  4103 | D:7      | Reached skill level 10 in Stealth
  4278 | Temple   | Entered the Ecumenical Temple
  4305 | Temple   | Became a worshipper of the Wu Jian Council
  4450 | D:8      | Found a hide-covered altar of Uskayaw.
  4601 | D:8      | Found a blossoming altar of Fedhas.
  4694 | D:8      | Found a runed translucent gate.
  4694 | D:8      | Found a runed translucent gate.
  4694 | D:8      | Found a runed translucent gate.
  4697 | D:8      | Noticed brujo666's ghost (novice MiFi)
  4697 | D:8      | Noticed a ten-headed hydra
  4734 | D:8      | Killed a ten-headed hydra
  4735 | D:8      | Reached skill level 11 in Stealth
  4735 | D:8      | Reached XP level 10. HP: 44/44 MP: 22/23
  4757 | D:8      | Killed brujo666's ghost
  5289 | D:9      | Found an ancient bone altar of Kikubaaqudgha.
  5296 | D:9      | Noticed a two-headed ogre
  5302 | D:9      | Killed a two-headed ogre
  5302 | D:9      | Reached * piety under Wu Jian
  5317 | D:9      | Identified the +1 robe of Wu Jian's Benevolence {Fly rCorr
                  | Str+2}
  5561 | D:9      | Reached skill level 12 in Stealth
  5744 | D:10     | Entered Level 10 of the Dungeon
  5774 | D:10     | Reached skill level 10 in Dodging
  5878 | D:10     | Reached XP level 11. HP: 47/47 MP: 17/25
  5927 | D:10     | Found a staircase to the Lair.
  6073 | D:10     | Found a bloodstained altar of Trog.
  6096 | D:10     | Found a hazy altar of Hepliaklqana.
  6276 | D:11     | Found a portal to a secret trove of treasure.
  6279 | D:11     | Noticed Erolcha
  6287 | D:11     | Reached skill level 10 in Hexes
  6295 | D:11     | Killed Erolcha
  6316 | D:11     | Reached ** piety under Wu Jian
  6320 | D:11     | Reached skill level 13 in Stealth
  6320 | D:11     | Reached skill level 10 in Spellcasting
  6383 | D:11     | Identified the +9 mace "Killer Bee's Doom" {protect, rC+}
  6422 | D:11     | Found a staircase to the Orcish Mines.
  6625 | D:11     | Reached *** piety under Wu Jian
  6665 | D:11     | Found Xeuxos Jaexo's Firing Range.
  6797 | Orc:1    | Entered Level 1 of the Orcish Mines
  6797 | Orc:1    | Found Gutevid's Jewellery Boutique.
  6798 | Orc:1    | Found Alanwyll's General Store.
  6867 | Orc:1    | Found Qithrupn's Antique Weapon Shop.
  6923 | Orc:1    | Bought a potion of ambrosia for 112 gold pieces
  6923 | Orc:1    | Bought a scroll of poison for 56 gold pieces
  6923 | Orc:1    | Bought a potion of curing for 42 gold pieces
  6923 | Orc:1    | Bought a potion of curing for 42 gold pieces
  6932 | Orc:1    | Noticed Nergalle
  6953 | D:11     | Reached skill level 14 in Stealth
  7000 | Orc:1    | Killed Nergalle
  7026 | Orc:1    | Noticed a two-headed ogre
  7045 | Orc:1    | Killed a two-headed ogre
  7046 | Orc:1    | Reached skill level 10 in Short Blades
  7064 | Orc:1    | Reached XP level 12. HP: 51/51 MP: 16/27
  7259 | Orc:2    | Entered Level 2 of the Orcish Mines
  7379 | Orc:2    | Noticed a two-headed ogre
  7380 | Orc:2    | Noticed a two-headed ogre
  7382 | Orc:2    | Noticed an ogre mage
  7382 | Orc:2    | Noticed a two-headed ogre
  7411 | Orc:2    | Killed an ogre mage
  7431 | Orc:2    | Killed a two-headed ogre
  7432 | Orc:2    | Reached skill level 1 in Shields
  7446 | Orc:2    | Killed a two-headed ogre
  7450 | Orc:2    | Killed a two-headed ogre
  7451 | Orc:2    | Reached skill level 15 in Stealth
  7477 | Orc:2    | Reached **** piety under Wu Jian
  7938 | Orc:2    | Noticed an orc high priest
  7992 | Orc:2    | Killed an orc high priest
  8146 | Orc:2    | Found a staircase to the Elven Halls.
  8185 | Orc:2    | Noticed an orc warlord
  8210 | Orc:2    | Killed an orc warlord
  8211 | Orc:2    | Reached skill level 16 in Stealth
  8225 | Orc:2    | Reached ***** piety under Wu Jian
  8324 | Orc:2    | Found Qadechaj's General Store.
  8330 | Orc:2    | Bought a scroll of immolation for 40 gold pieces
  8330 | Orc:2    | Bought a potion of degeneration for 10 gold pieces
  8340 | Orc:2    | Found Foggoemo's Jewellery Shoppe.
  8388 | Orc:2    | Found Yfeodesaic's Antique Weapon Shoppe.
  8408 | Orc:2    | Found Maaconah's Antique Armour Shoppe.
  8416 | Orc:2    | Bought a runed scarf for 240 gold pieces
  8432 | Orc:2    | Bought 3 scrolls of brand weapon for 285 gold pieces
  8582 | Lair:1   | Entered Level 1 of the Lair of Beasts
  8606 | Lair:1   | Noticed a catoblepas
  8612 | Lair:1   | Killed a catoblepas
  8670 | Lair:1   | Reached XP level 13. HP: 55/55 MP: 28/28
  8971 | Lair:1   | Reached skill level 17 in Stealth
  9707 | Lair:2   | Reached skill level 15 in Dodging
  9750 | Lair:2   | Found a staircase to the Shoals.
  9990 | Lair:3   | Reached skill level 18 in Stealth
 10203 | Lair:3   | Reached ****** piety under Wu Jian
 10302 | Lair:3   | Found a staircase to the Snake Pit.
 10505 | Lair:3   | Upgraded the game from 0.30-a0-585-g93115170b9 to
                  | 0.30-a0-586-g23e55c9e0a
 10793 | Lair:4   | Found a runed translucent door.
 10793 | Lair:4   | Found a viscous altar of Jiyva.
 10793 | Lair:4   | Found a staircase to the Slime Pits.
 11024 | Lair:5   | Entered Level 5 of the Lair of Beasts
 11050 | Lair:5   | Reached XP level 14. HP: 59/59 MP: 30/30
 11682 | Lair:5   | Reached skill level 19 in Stealth
 12027 | Lair:5   | Found a runed translucent door.
 12035 | Lair:5   | Noticed M4edhros's ghost (journeyman OpAr)
 12097 | Lair:5   | Killed M4edhros's ghost
 12344 | D:7      | Bought the +6 arbalest "Damnation" {damnation} for 800 gold
                  | pieces
 12344 | D:7      | Found the +6 arbalest "Damnation" {damnation}
 12470 | Snake:1  | Entered Level 1 of the Snake Pit
 12597 | Snake:1  | Reached skill level 1 in Ranged Weapons
 12936 | Snake:1  | Reached skill level 5 in Ranged Weapons
 13525 | Snake:2  | Reached XP level 15. HP: 58/63 MP: 1/32
 13540 | Snake:2  | Found Tigise's Antique Weapon Emporium.
 13544 | Snake:2  | Found Vaeb's Antique Weapon Shoppe.
 13598 | Snake:2  | Reached skill level 10 in Ranged Weapons
 14197 | Snake:3  | Noticed a nagaraja
 14231 | Snake:3  | Killed a nagaraja
 14570 | Snake:3  | Found an iron altar of Okawaru.
 14669 | Snake:3  | Reached skill level 15 in Ranged Weapons
 14700 | Snake:3  | Identified the +4 shortbow of Embarrassment {drain, rPois
                  | Dex+2}
 14912 | Snake:4  | Entered Level 4 of the Snake Pit
 15007 | Snake:4  | Killed from afar by a salamander tyrant

Illustrated notes

Levels and vault maps discovered:
D:1:      mrwooster_arrival_statue, layout_basic, ebering_ecumenical_altar_mist
D:2:      layout_rooms
D:3:      layout_basic, nemelex_diamond_rough_becter
D:4:      layout_loops_cross, nicolae_shop_overcharged_wands,
          uniq_crazy_yiuf_cottage, uniq_menkaure
D:5:      layout_loops_ring, nicolae_overflow_hidden_temple,
          kennysheep_little_box, nicolae_qazlal_style_of_elements,
          vehumet_crystals
D:6:      layout_cave_pools, mainiacjoe_overflow_catwalk, nicolae_stop_n_shop_2
D:7:      layout_basic, minmay_temple_entry_proselytizer, serial_shops,
          nicolae_shop_crystal, serial_corexii_hall,
          chequers_hall_statues_corner_a, corexii_hall_statues_deadend,
          chequers_hall_statues_corner_a, corexii_hall_statues_s,
          eino_small_chamber_without_monster, minmay_misc_feat_x
D:8:      layout_loops_corners, marbit_many_paths,
          mainiacjoe_overflow_boulevard, gammafunk_ghost_hydra_chop
D:9:      layout_cave_pools, mainiacjoe_overflow_concentric_impassable
D:10:     layout_basic, nicolae_hepliaklqana_hazy_memory, kennysheep_mini_moat,
          lair_entry_dummy
D:11:     layout_cave_pools, zombieorc1_lemuel, nicolae_trove_entry_free_sample,
          nicolae_shop_firing_range, uniq_erolcha
Temple:   jpeg_temple_clearing
Lair:1:   layout_small_grid, dpeg_stationary_puzzle
Lair:2:   layout_loops_ring, nicolae_shoals_entry_roost, patterned_corridor
Lair:3:   layout_cave_shapes, minmay_snake_entry_guardpost_small
Lair:4:   wander_river, layout_regular_city, slime_entry_2
Lair:5:   minmay_lair_end_enchanted_forest, layout_regular_city,
          ebering_ghost_reflecting_pool, nicolae_lair_run_with_the_wolves
Snake:1:  layout_basic, nicolae_snake_linked_coils,
          hangedman_snake_corridor_split
Snake:2:  layout_cave_shapes, minmay_shoptagon
Snake:3:  layout_gridlike, basic_altar, beargit_elvish_explorers
Snake:4:  grunt_snake_rune_pools, layout_cave_town, drop_trap
Orc:1:    layout_caves, serial_shops, nicolae_shop_trees, shop, shop,
          nicolae_orc_lava_room, uniq_nergalle
Orc:2:    grunt_orc_cross, layout_diamond_mine

Skill      XL: |  1  2  3  4  5  6  7  8  9 10 11 12 13 14 15 |
---------------+----------------------------------------------+-----
Dodging        | 3 4 5 6 7 8 10 12 13 15 16 | 16.5
Spellcasting   | 3 4 5 6 8 9 10 11 12 | 12.3
Hexes          | 4 5 6 7 8 9 10 11 12 | 12.6
Short Blades   | 2 3 4 5 7 8 10 11 13 | 13.7
Stealth        | 5 6 7 9 11 12 14 16 18 19 | 19.4
Shields        | 3 |  3.0
Ranged Weapons | 9 15 | 15.5

Action                   |  1- 3 |  4- 6 |  7- 9 | 10-12 | 13-15 || total
-------------------------+-------+-------+-------+-------+-------++-------
Melee: Dagger            |   140 |    67 |   188 |   450 |   978 ||  1823
       Punch             |     4 |     2 |     2 |     1 |     1 ||    10
       Short sword       |       |       |       |       |    27 ||    27
 Fire: Arbalest          |       |       |       |       |   218 ||   218
 Cast: Ensorcelled Hiber |    15 |       |    82 |   131 |   163 ||   391
       Confusing Touch   |       |     5 |    12 |    11 |    78 ||   106
       Tukima's Dance    |       |       |     7 |    22 |     8 ||    37
Invok: Lunge             |       |       |     6 |    76 |    71 ||   153
       Whirlwind         |       |       |       |    15 |    13 ||    28
Evoke: Wand              |       |       |       |     4 |     4 ||     8
  Use: Potion            |       |       |     1 |       |       ||     1
       Scroll            |       |       |       |    28 |     9 ||    37
 Stab: Sleeping          |    13 |     4 |    47 |   115 |   124 ||   303
       Confused          |       |     5 |    10 |    13 |    75 ||   103
       Invisible         |       |       |     3 |       |       ||     3
       Distracted        |       |       |     1 |     5 |     3 ||     9
Armor: Robe              |    17 |     3 |     8 |    10 |       ||    38
       Troll leather arm |       |       |       |    14 |    81 ||    95
Dodge: Dodged            |   136 |    38 |   136 |   189 |   771 ||  1270
Block: Buckler           |       |       |       |    32 |   241 ||   273
       Other             |       |       |       |       |    30 ||    30
       Reflection        |       |       |       |       |     5 ||     5

Table legend: (Time is in decaauts)
 A = Elapsed time spent in this place.
 B = Non-inter-level travel time spent in this place.
 C = Inter-level travel time spent in this place.
 D = Time resting spent in this place.
 E = Time spent auto-exploring this place.
 F = Levels seen in this place.
 G = Mean time per level.
                   A        B        C        D        E       F      G
               +--------+--------+--------+--------+--------+-----+--------+
         Total |   9846 |   9175 |    671 |     15 |      0 |  23 |  428.1 |
       Dungeon |   4509 |   4128 |    381 |      9 |      0 |  11 |  409.9 |
        Temple |     27 |     27 |      0 |      0 |      0 |   1 |   27.0 |
          Lair |   2400 |   2229 |    171 |      0 |      0 |   5 |  480.0 |
     Snake Pit |   1755 |   1678 |     77 |      0 |      0 |   4 |  438.8 |
  Orcish Mines |   1152 |   1110 |     42 |      6 |      0 |   2 |  576.0 |
               +--------+--------+--------+--------+--------+-----+--------+

Top non-repeatable levels by time:
   Orc:2: 841 daAuts
  Lair:5: 761 daAuts
 Snake:3: 646 daAuts
 Snake:1: 641 daAuts
     D:8: 594 daAuts
     D:7: 550 daAuts
  Lair:2: 530 daAuts
     D:4: 512 daAuts
     D:1: 502 daAuts
  Lair:3: 416 daAuts
     D:5: 412 daAuts
 Snake:2: 396 daAuts
    D:10: 380 daAuts
    D:11: 370 daAuts
  Lair:1: 354 daAuts
